 Dungeon Crawl Stone Soup version 0.18-a0-1126-ga2d7f46 (webtiles) character file.

28 namelastname112 the Cudgeler (level 2, 0/25 HPs)
             Began as a Draconian Wanderer on Jan 21, 2016.
             Succumbed to an adder's poison
             ... on level 2 of the Dungeon.
             The game lasted 00:01:33 (570 turns).

namelastname112 the Cudgeler (Draconian Wanderer)    Turns: 570, Time: 00:01:34

Health: 0/25       AC:  4    Str: 12    XL:     2   Next: 96%
Magic:  6/6        EV: 11    Int: 12    God:
Gold:   43         SH:  0    Dex: 12    Spells: 0 memorised, 7 levels left

rFire  . . .     SeeInvis .     b - +0 mace
rCold  . . .     Gourm    .     (armour unavailable)
rNeg   . . .     Faith    .     (no shield)
rPois  .         Spirit   .     (helmet restricted)
rElec  .         Dismiss  .     (no cloak)
rCorr  .         Reflect  .     (no gloves)
SustAt .         Harm     .     (no boots)
MR     .....                    (no amulet)
Stlth  +.........               (no ring)
                                (no ring)

@: lethally poisoned (0 -> -3), not resistant to hostile enchantments, very
unstealthy
A: unfitting armour, cold-blooded, AC +4
a: no special abilities


You were on level 2 of the Dungeon.
You were not hungry.

You visited 1 branch of the dungeon, and saw 2 of its levels.

You collected 43 gold pieces.

Inventory:

Hand Weapons
 b - a +0 mace (weapon)
Scrolls
 e - 2 scrolls of magic mapping {unknown}
 f - 2 scrolls of identify {unknown}
 i - a scroll of amnesia {unknown}
 l - a scroll of recharging {unknown}
 m - a scroll of teleportation {unknown}
Potions
 h - 2 potions of cure mutation
Books
 a - a book of Minor Magic

   Spells                             Type                      Level
   a - Magic Dart                     Conjuration                  1
   b - Blink                          Translocation                2
   c - Call Imp                       Summoning                    2
   d - Repel Missiles                 Charms/Air                   2
   e - Slow                           Hexes                        2
   f - Conjure Flame                  Conjuration/Fire             3
   g - Mephitic Cloud                 Conjuration/Poison/Air       3
Comestibles
 d - a bread ration
 j - 2 beef jerkies
 k - a meat ration


   Skills:
 + Level 2.9 Fighting
 * Level 3.5 Maces & Flails
 - Level 1.0 Throwing
 + Level 0.6 Dodging
 - Level 1.0 Stealth
 - Level 3.0 Spellcasting


You had 7 spell levels left.
You didn't know any spells.

Dungeon Overview and Level Annotations

Branches:
Dungeon (2/15)

Altars:


Innate Abilities, Weirdness & Mutations

Your plain brown scales are hard (AC +4).
Your body does not fit into most forms of armour.
You are cold-blooded and may be slowed by cold attacks.


Message History

* * * LOW HITPOINT WARNING * * *
You feel sick. The adder barely misses you. The adder closely misses you.
You barely miss the adder. You tail-slap the adder.
The adder is moderately wounded.
The adder barely misses you.
You hit the adder.
Your tail-slap misses the adder.
The adder is moderately wounded.
* * * LOW HITPOINT WARNING * * *
You feel sick. The adder bites you.
* * * LOW HITPOINT WARNING * * *
The adder misses you.
You hit the adder.
The adder is severely wounded.
The adder barely misses you.
You barely miss the adder.
Your tail-slap misses the adder.
The adder is severely wounded.
The adder barely misses you. The adder closely misses you.
You barely miss the adder.
The adder is severely wounded.
You die...

#.# #..# #.# #..#
#.# #..### #.#######
....# ........#
#.#.# ##.####.#
#.###.#.#.# #.# #.#
#.%..K....#
##.####.#
#####S#.###
........### #@#.#
..........# #.#.#
.#.######.######.#.#
.#.# #........#.#
.#.# ##########.#
#.# .# ..# ##


You could see an adder and a kobold.

Vanquished Creatures
  An adder (D:2)
  A hobgoblin (D:1)
  4 jackals (D:2)
  3 bats (D:1)
  A giant newt (D:2)
  2 goblins (D:1)
  3 kobolds (D:1)
  4 rats
19 creatures vanquished.

Notes
Turn   | Place    | Note
--------------------------------------------------------------
     0 | D:1      | namelastname112 the Draconian Wanderer began the quest for the Orb.
     0 | D:1      | namelastname112 set off with: a book of Minor Magic, a +0 mace, a potion of curing, a bread ration
     0 | D:1      | Reached XP level 1. HP: 17/17 MP: 4/4
   210 | D:1      | Reached XP level 2. HP: 22/25 MP: 6/6
   561 | D:2      | Gained mutation: You tend to lose your temper in combat. [potion of mutation]
   561 | D:2      | Gained mutation: Your system is resistant to poisons. [potion of mutation]
   561 | D:2      | Gained mutation: You are resistant to hostile enchantments. [potion of mutation]
   562 | D:2      | Lost mutation: You tend to lose your temper in combat. [potion of cure mutation]
   562 | D:2      | Lost mutation: Your system is resistant to poisons. [potion of cure mutation]
   562 | D:2      | Lost mutation: You are resistant to hostile enchantments. [potion of cure mutation]
   567 | D:2      | HP: 1/25 [adder (3)]
   570 | D:2      | Succumbed to an adder's poison

Vault maps used:
D:1:      dpeg_arrival_rooms_b
D:2:      first_bread, uniq_sigmund

Action                   || total
-------------------------++-------
Melee: Mace              ||    74
  Use: Potion            ||     4
 Stab: Sleeping          ||     1
